 Dungeon Crawl Stone Soup version 0.30-a0-721-ga6a225cb13 (webtiles) character file.

Game seed: 7658089322202425457

10047 tilp the Carver (level 12, -1/103 HPs)
             Began as a Meteoran Fighter on Jan 27, 2023.
             Was a High Priest of Okawaru.
             Slain by an orc warlord
             ... wielding a +2 great mace of protection
              (9 damage)
             ... in the Arena.
             The game lasted 00:22:44 (4651 turns).

tilp the Carver (Meteoran Fighter)                  Turns: 4651, Time: 00:22:45

Health: -1/103     AC: 20    Str: 19      XL:     12   Next: 14%
Magic:  10/20      EV: 15    Int:  9 (11) God:    Okawaru [*****.]
Gold:   503        SH:  8    Dex: 21      Spells: 11/11 levels left

rFire   . . .      SeeInvis .    b - +6 spear of Jerifuro {venom, rC+ Dex+4}
rCold   + . .      Faith    .    c - +1 buckler
rNeg    . . .      Spirit   .    H - +2 chain mail {rPois}
rPois   +          Reflect  .    N - +1 hat {Will+}
rElec   .          Harm     .    f - +0 cloak
rCorr   .          Rampage  .    t - +2 pair of gloves
Will    +++..                    (no boots)
Stlth   +                        (no amulet)
HPRegen 0.37/turn                m - ring of willpower
MPRegen 0.17/turn                o - +4 ring of slaying

@: heroic, finesse-ful, glowing, duelling
A: sense surroundings 2, otherworldly, glowing, explore regen
a: Renounce Religion, Heroism, Finesse, Duel


You were in the Arena.
You worshipped Okawaru.
Okawaru was extremely pleased with you.
You visited 3 branches of the dungeon, and saw 13 of its levels.

You collected 503 gold pieces.

Inventory:

Hand Weapons
 a - a +0 long sword
 b - the +6 spear of Jerifuro (weapon) {venom, rC+ Dex+4}
   (You found it on level 3 of the Dungeon)

   Dex:       It affects your dexterity (+4).
   rC:        It protects you from cold.
 e - a +0 long sword
 s - a +2 dagger of electrocution
 w - a +5 trident
 C - a +2 short sword of venom
 Q - a +4 great sword of freezing
Missiles
 d - 5 poisoned darts (quivered)
 j - 12 boomerangs
 K - 2 atropa-tipped darts
 O - 2 datura-tipped darts
Armour
 c - a +1 buckler (worn)
 f - a +0 cloak (worn)
 t - a +2 pair of gloves (worn)
 y - a +0 plate armour
 H - a +2 chain mail of poison resistance (worn)
 I - an orb of light
 N - a +1 hat of willpower (worn)
Jewellery
 k - a ring of fire
 l - a +6 ring of strength
 m - a ring of willpower (left hand)
 o - a +4 ring of slaying (right hand)
 p - a +6 ring of intelligence
 q - a ring of protection from fire
 u - a +5 ring of evasion
 G - a ring of positive energy
Wands
 x - a wand of roots (8)
 B - a wand of mindburst (10)
Scrolls
 g - a scroll of magic mapping
 n - 2 scrolls of teleportation
 E - 2 scrolls of vulnerability
 J - 2 scrolls of amnesia
 P - 2 scrolls of fear
Potions
 h - a potion of magic
 i - a potion of resistance
 r - 2 potions of heal wounds
 v - 2 potions of flight {unknown}
 z - a potion of might
 A - a potion of brilliance {unknown}
 D - a potion of haste {unknown}
 F - 2 potions of invisibility {unknown}
 L - a potion of mutation {unknown}
 M - a potion of curing


   Skills:
 + Level 8.5(13.5) Fighting
 + Level 10.4(15.4) Long Blades
 + Level 5.0(10.0) Throwing
 + Level 6.7(11.7) Armour
 + Level 8.6(13.6) Dodging
 - Level 4.0(9.0) Stealth
 + Level 5.0(10.0) Shields
 * Level 9.3 Invocations
 + Level 5.0 Evocations


You had 11 spell levels left.
You didn't know any spells.
Your spell library was empty.

Dungeon Overview and Level Annotations

Branches:
Dungeon (11/15) Zot: 1958  Temple (1/1) D:4 Zot: 589    Lair (0/5) D:8
    Orc (1/2) D:9 Zot: 518

Altars:
Ashenzari
Cheibriados
Dithmenos
Fedhas
Gozag
Hepliaklqana
Kikubaaqudgha
Makhleb
Okawaru
Qazlal
Ru
Sif Muna
Uskayaw
Vehumet
Wu Jian
Xom

Shops:
D:7 (


Innate Abilities, Weirdness & Mutations

You passively map the area around you.
You are easily found by Zot.
You glow in the dark.
You regain HP and MP as you explore.


Message History

You hit the orc warlord but do no damage.
The orc warlord looks as sick as possible!
The orc warlord is heavily wounded.
The orc warlord hits you with a +2 great mace of protection!
* * * LOW HITPOINT WARNING * * *
You hit the orc warlord.
The orc warlord looks as sick as possible!
The orc warlord is heavily wounded.
You barely miss the orc warlord.
The orc warlord is heavily wounded.
You block the orc warlord's attack.
You puncture the orc warlord!
The orc warlord looks as sick as possible!
The orc warlord is heavily wounded.
You hit the orc warlord.
The orc warlord looks as sick as possible!
The orc warlord is severely wounded.
You barely miss the orc warlord.
The orc warlord is severely wounded.
The orc warlord hits you but does no damage.
You hit the orc warlord.
The orc warlord looks as sick as possible!
The orc warlord is severely wounded.
Aiming: Mindburst
Press: ? - help, Shift-Dir - straight line, f - orc warlord
Aim: an orc warlord, wielding a +2 great mace of protection and wearing a +0 plate armour (severely wounded, extremely poisoned, chance to affect: 50%)
The orc warlord's mind is blasted!
You block the orc warlord's attack.
Unknown command.
Unknown command.
You hit the orc warlord.
The orc warlord is almost dead.
The orc warlord hits you with a +2 great mace of protection!!
* * * LOW HITPOINT WARNING * * *
Aiming: Mindburst
Press: ? - help, Shift-Dir - straight line, f/p - orc warlord
Aim: an orc warlord, wielding a +2 great mace of protection and wearing a +0 plate armour (almost dead, extremely poisoned, chance to affect: 50%)
The orc warlord resists with some effort.
The orc warlord hits you with a +2 great mace of protection!
You die...
Okawaru crowns the orc warlord victorious!

####*####
##..p#...##
##..▓▓▓▓▓p.##
##.p▓▓...▓▓p.##
#.p▓▓.....▓▓p.#
#.▓▓.......▓▓.#
#▓▓.....o...▓▓#
#▓.....@.....▓#
#▓▓.........▓▓#
#.▓▓.......▓▓.#
#.p▓▓.....▓▓p.#
##.p▓▓...▓▓p.##
##.p▓▓▓▓▓p.##
##..▓∩▓..##
#########


You could see an orc warlord (extremely poisoned).

Vanquished Creatures
  Gastronok (D:9)
  An orc sorcerer (Orc:1)
  Maurice (D:10)
  A rime drake (D:8)
  3 trolls
  A polar bear (D:8)
  A hornet (D:10)
  Prince Ribbit (D:8)
  A shadow (D:10)
  11 yaks (D:10)
  A wyvern (D:8)
  3 vampire mosquitoes (D:10)
  A water moccasin (D:6)
  4 ice beasts
  3 sky beasts
  7 orc warriors
  2 ogres (Orc:1)
  4 centaurs
  A wolf (D:8)
  A kobold brigand (D:7)
  A gnoll sergeant (D:7)
  2 scorpions
  5 wights (D:8)
  20 killer bees
  3 howler monkeys
  A jelly (D:6)
  4 hounds
  13 orc priests
  A gnoll bouda (D:4)
  An iguana (D:6)
  8 orc wizards
  9 gnolls
  2 adders
  An ufetubus (D:5)
  A dart slug (D:4)
  47 orcs
  5 bats
  6 endoplasms
  2 giant cockroaches
  2 goblins
  4 hobgoblins
  17 jackals
  2 quokkas
  3 ball pythons
  3 frilled lizards
  10 kobolds
  5 rats
227 creatures vanquished.

Vanquished Creatures (others)
  An iguana (D:4)
1 creature vanquished.

Grand Total: 228 creatures vanquished

Notes
Turn   | Place    | Note
-------+----------+-------------------------------------------
     0 | D:1      | tilp the Meteoran Fighter began the quest for the Orb.
     0 | D:1      | Reached XP level 1. HP: 19/19 MP: 2/2
    73 | D:2      | Reached XP level 2. HP: 26/26 MP: 3/3
   108 | D:1      | Reached skill level 1 in Dodging
   198 | D:1      | Reached XP level 3. HP: 31/31 MP: 4/4
   362 | D:3      | Reached XP level 4. HP: 36/38 MP: 5/5
   578 | D:3      | Found a broken altar of Ashenzari.
   652 | D:3      | Found a shadowy altar of Dithmenos.
   845 | D:3      | Found an ancient bone altar of Kikubaaqudgha.
   883 | D:3      | Identified the +6 spear of Jerifuro {venom, rC+ Dex+4}
  1013 | D:4      | Reached skill level 3 in Long Blades
  1020 | D:4      | Reached skill level 1 in Stealth
  1020 | D:4      | Reached XP level 5. HP: 20/46 MP: 6/6
  1083 | D:5      | Entered Level 5 of the Dungeon
  1163 | D:5      | Found an ornate altar of the Wu Jian Council.
  1209 | D:4      | Reached XP level 6. HP: 8/52 MP: 7/7
  1220 | D:4      | Found a radiant altar of Vehumet.
  1396 | D:6      | Reached skill level 1 in Throwing
  1466 | D:5      | Reached skill level 4 in Long Blades
  1494 | D:5      | Reached XP level 7. HP: 59/59 MP: 8/8
  1833 | D:4      | Found a staircase to the Ecumenical Temple.
  1842 | Temple   | Entered the Ecumenical Temple
  1847 | Temple   | Became a worshipper of Warmaster Okawaru
  2032 | D:6      | Reached XP level 8. HP: 61/67 MP: 9/9
  2048 | D:6      | Reached skill level 5 in Fighting
  2048 | D:6      | Reached skill level 5 in Long Blades
  2052 | D:6      | Reached * piety under Okawaru
  2209 | D:7      | Reached skill level 5 in Armour
  2209 | D:7      | Reached skill level 5 in Dodging
  2219 | D:7      | Reached skill level 6 in Long Blades
  2219 | D:7      | Gained mutation: You passively map the area around you.
                  | [Meteoran growth]
  2219 | D:7      | Reached XP level 9. HP: 10/75 MP: 8/10
  2270 | D:7      | Found Yvozilam's Weapon Emporium.
  2334 | D:7      | Reached ** piety under Okawaru
  2335 | D:7      | Reached skill level 1 in Invocations
  2444 | D:7      | Found a stormy altar of Qazlal.
  2444 | D:7      | Found an opulent altar of Gozag.
  2588 | D:9      | Noticed a troll
  2600 | D:9      | Killed a troll
  2601 | D:9      | Reached skill level 7 in Long Blades
  2679 | D:9      | Reached XP level 10. HP: 58/84 MP: 13/13
  2695 | D:9      | HP: 1/84 [troll (10)]
  2699 | D:9      | Reached *** piety under Okawaru
  2766 | D:9      | Found a staircase to the Orcish Mines.
  2789 | D:9      | You fall into a shaft and drop 2 floors!
  2827 | D:11     | Reached skill level 5 in Invocations
  2868 | D:11     | Reached skill level 1 in Evocations
  2925 | D:11     | Noticed a two-headed ogre
  2926 | D:11     | Noticed a two-headed ogre
  2943 | D:10     | Entered Level 10 of the Dungeon
  2956 | D:10     | Reached skill level 8 in Long Blades
  2970 | D:10     | Reached **** piety under Okawaru
  3310 | D:9      | Found a blossoming altar of Fedhas.
  3447 | D:8      | Found a staircase to the Lair.
  3447 | D:8      | Noticed a rime drake
  3465 | D:8      | Killed a rime drake
  3466 | D:8      | Reached skill level 9 in Long Blades
  3466 | D:8      | Reached XP level 11. HP: 72/94 MP: 17/17
  3492 | D:8      | Reached ***** piety under Okawaru
  3826 | D:8      | Noticed Prince Ribbit
  3834 | D:8      | Killed Prince Ribbit
  3835 | D:8      | Reached skill level 10 in Long Blades
  3956 | D:9      | Received a gift from Okawaru
  3993 | D:9      | Noticed Gastronok
  4015 | D:9      | Killed Gastronok
  4015 | D:9      | Received a gift from Okawaru
  4184 | D:10     | Noticed Maurice
  4215 | D:10     | Killed Maurice
  4425 | D:10     | Reached XP level 12. HP: 93/103 MP: 19/19
  4548 | Orc:1    | Entered Level 1 of the Orcish Mines
  4553 | Orc:1    | Received a gift from Okawaru
  4554 | Orc:1    | Reached skill level 5 in Shields
  4554 | Orc:1    | Reached skill level 5 in Evocations
  4569 | Orc:1    | Reached skill level 5 in Throwing
  4610 | Orc:1    | Noticed an orc warlord
  4628 | Arena    | Entered the Arena
  4651 | Arena    | Slain by an orc warlord

Illustrated notes

Levels and vault maps discovered:
D:1:      eino_arrival_tree_alley, layout_rooms, minivault_4
D:2:      layout_basic, feat_on_display
D:3:      layout_basic, lemuel_doored_altar, cheibrodos_ashenzari_chains,
          lemuel_round_altar
D:4:      layout_basic, marbit_many_paths, lemuel_temple_firewalk_b
D:5:      layout_gridville, nzn_wu_jian_council_hall
D:6:      layout_rooms, kennysheep_boxes
D:7:      layout_basic, nicolae_overflow_hidden_temple, serial_shops,
          nicolae_shop_advertising_works [nicolae_subvault_shop_adworks],
          eino_jars, uniq_crazy_yiuf_cottage
D:8:      layout_loops_cross, hellmonk_lair_entry_icy, uniq_prince_ribbit1
D:9:      layout_loops_ring, mainiacjoe_overflow_alcove_4, hiddenorc1_lemuel,
          minmay_orc_keep, uniq_gastronok
D:10:     layout_roguey, st_stairs_3, uniq_maurice
D:11:     layout_irregular_city
Temple:   nicolae_temple_ecumenical_triangle
Orc:1:    layout_caves
Arena

Skill      XL: |  1  2  3  4  5  6  7  8  9 10 11 12 |
---------------+-------------------------------------+-----
Dodging        | 1 2 3 4 5 7 8 |  8.6
Shields        | 4 5 |  5.0
Armour         | 4 5 6 |  6.7
Long Blades    | 3 4 6 7 9 10 | 10.4
Stealth        | 1 2 3 4 |  4.0
Fighting       | 4 5 6 8 |  8.5
Throwing       | 2 3 4 5 |  5.0
Invocations    | 3 7 9 |  9.3
Evocations     | 3 4 5 |  5.0

Action                     |  1- 3 |  4- 6 |  7- 9 | 10-12 || total
---------------------------+-------+-------+-------+-------++-------
  Melee: Long sword        |    71 |    33 |       |       ||   104
         Spear             |       |    86 |   178 |   405 ||   669
  Throw: Boomerang         |       |       |     4 |     1 ||     5
 Invoke: Heroism           |       |       |     2 |     6 ||     8
         Finesse           |       |       |       |     1 ||     1
         Duel              |       |       |       |     1 ||     1
  Evoke: Wand              |       |       |       |     2 ||     2
    Use: Scroll            |     3 |     7 |     4 |     3 ||    17
         Potion            |       |       |     2 |       ||     2
 Armour: Scale mail        |    52 |    53 |    60 |    22 ||   187
         Plate armour      |       |       |       |   110 ||   110
         Chain mail        |       |       |       |    70 ||    70
  Dodge: Dodged            |    29 |    46 |    87 |   136 ||   298
  Block: Buckler           |    23 |    36 |    65 |   151 ||   275

Table legend: (Time is in decaauts)
 A = Elapsed time spent in this place.
 B = Non-inter-level travel time spent in this place.
 C = Inter-level travel time spent in this place.
 D = Time resting spent in this place.
 E = Time spent auto-exploring this place.
 F = Levels seen in this place.
 G = Mean time per level.
                   A        B        C        D        E       F      G
               +--------+--------+--------+--------+--------+-----+--------+
         Total |   4746 |   4064 |    682 |      6 |      0 |  14 |  339.0 |
       Dungeon |   4641 |   3965 |    676 |      6 |      0 |  11 |  421.9 |
        Temple |     10 |      5 |      5 |      0 |      0 |   1 |   10.0 |
  Orcish Mines |     82 |     82 |      0 |      0 |      0 |   1 |   82.0 |
         Arena |     11 |     11 |      0 |      0 |      0 |   1 |   11.0 |
               +--------+--------+--------+--------+--------+-----+--------+

Top non-repeatable levels by time:
     D:9: 910 daAuts
     D:3: 594 daAuts
     D:8: 586 daAuts
     D:5: 566 daAuts
    D:10: 539 daAuts
     D:4: 424 daAuts
     D:1: 275 daAuts
     D:7: 244 daAuts
     D:6: 216 daAuts
    D:11: 155 daAuts
     D:2: 128 daAuts
   Orc:1: 82 daAuts
   Arena: 11 daAuts
  Temple: 10 daAuts
